 Dungeon Crawl Stone Soup version 0.28-a0-245-g639a1a48b9 (webtiles) character file.

Game seed: 4472516195870358486

69 willcat the Sneak (level 4, 0/28 HPs)
             Began as a Kobold Delver on Aug 25, 2021.
             Succumbed to an adder's poison
             ... on level 5 of the Dungeon.
             The game lasted 00:00:34 (379 turns).

willcat the Sneak (Kobold Delver)                    Turns: 379, Time: 00:00:35

Health: 0/28       AC:  3    Str:  9    XL:     4   Next: 42%
Magic:  4/4        EV: 15    Int: 11    God:
Gold:   0          SH:  0    Dex: 17    Spells: 2/4 levels left

rFire   . . .      SeeInvis .   a - +0 short sword
rCold   . . .      Faith    .   (shield restricted)
rNeg    . . .      Spirit   .   b - +0 leather armour
rPois   .          Reflect  .   (no helmet)
rElec   .          Harm     .   (no cloak)
rCorr   .          Rampage  .   (no gloves)
Will    .....                   (no boots)
Stlth   ++++......              (no amulet)
HPRegen 0.09/turn               (no ring)
MPRegen 0.09/turn               (no ring)

@: lethally poisoned (0 -> -3)
A: small, no large weapons, nightstalker 3
a: no special abilities


You were on level 5 of the Dungeon.
You visited 1 branch of the dungeon, and saw 1 of its levels.

Inventory:

Hand Weapons
 a - a +0 short sword (weapon)
Armour
 b - a +0 leather armour (worn)
Wands
 g - a wand of digging (3)
Scrolls
 c - a scroll of fog
 d - a scroll of magic mapping
 e - a scroll of fear
Potions
 f - a potion of haste


   Skills:
 - Level 3.2 Fighting
 + Level 3.7 Short Blades
 + Level 3.3 Dodging
 + Level 7.2 Stealth
 + Level 0.5 Spellcasting
 + Level 0.5 Air Magic
 + Level 0.5 Poison Magic


You had 2 spell levels left.
You knew the following spells:

 Your Spells              Type           Power      Damage    Failure   Level
a - Poisonous Vapours     Pois/Air       2%         N/A       50%         2

Your spell library contained the following spells:

 Spells                   Type           Power      Damage    Failure   Level
 Corpse Rot               Necr/Air       N/A        N/A       54%         2
 Freezing Cloud           Conj/Ice/Air   0%         6-21      100%        5


Dungeon Overview and Level Annotations

Branches:
Dungeon (5/15)
 Temple: D:4-7

Altars:
Gozag


Innate Abilities, Weirdness & Mutations

You are small and have problems with some larger weapons.
You are completely attuned to the shadows.


Message History

The adder poisons you!
You closely miss the adder.
The adder is severely wounded.
You feel sick. The adder closely misses you.
You closely miss the adder.
The adder is severely wounded.
You feel sick. The adder barely misses you.
The adder bites you but does no damage.
You completely miss the adder.
The adder is severely wounded.
You feel sick. The adder bites you.
You are lethally poisoned!
The adder poisons you!
Unknown command.
You barely miss the adder.
The adder is severely wounded.
* * * LOW HITPOINT WARNING * * *
You feel sick. The adder bites you.
* * * LOW HITPOINT WARNING * * *
Unknown command.
You miss the adder.
The adder is severely wounded.
* * * LOW HITPOINT WARNING * * *
You feel sick. The adder bites you but does no damage.
Unknown command.
You hit the adder.
You kill the adder!
* * * LOW HITPOINT WARNING * * *
You feel sick.
Unknown command.
Okay, then.
* * * LOW HITPOINT WARNING * * *
You feel sick.
You see here 8 gold pieces.
Found a hand axe.
* * * LOW HITPOINT WARNING * * *
You feel sick.
There is an open door here.
An iguana comes into view.
You die...

..#.# ..... ###.
###############. ....
#.............## ....
#.............## ..)l
#.......(.....##
....##.†...........##
#.@'$............##
#.##†............'.
#. #.............##
#. #.............##
#. #.............##
........## .......##
......#. #.


You could see an iguana (asleep).

Vanquished Creatures
  A hound (D:5)
  A bullfrog skeleton (D:5)
  An adder (D:5)
3 creatures vanquished.

Notes
Turn   | Place    | Note
-------+----------+-------------------------------------------
     0 | D:5      | willcat the Kobold Delver began the quest for the Orb.
     0 | D:5      | Reached XP level 1. HP: 14/14 MP: 1/1
    42 | D:5      | Found an opulent altar of Gozag.
    63 | D:5      | Reached skill level 7 in Stealth
    63 | D:5      | Reached XP level 2. HP: 7/19 MP: 2/2
    63 | D:5      | Reached XP level 3. HP: 9/23 MP: 3/3
   350 | D:5      | Learned a level 2 spell: Poisonous Vapours
   362 | D:5      | Reached XP level 4. HP: 28/28 MP: 4/4
   378 | D:5      | HP: 1/28 [poisoned by an adder]
   379 | D:5      | Succumbed to an adder's poison

Illustrated notes

Levels and vault maps discovered:
D:5:      layout_basic, mainiacjoe_overflow_small_starburst,
          lemuel_doored_altar, gup_sewer_entry_bubbles

Skill      XL: |  1 |
---------------+----+-----
Short Blades   | 3 |  3.7
Dodging        | 3 |  3.3
Stealth        | 7 |  7.2
Fighting       | |  3.2
Spellcasting   | |  0.5
Air Magic      | |  0.5
Poison Magic   | |  0.5

Action                   |  1- 3 |  4- 6 || total
-------------------------+-------+-------++-------
Melee: Short sword       |     5 |    14 ||    19
 Stab: Sleeping          |     2 |       ||     2
Armor: Leather armour    |       |     3 ||     3
Dodge: Dodged            |     2 |     5 ||     7

Table legend: (Time is in decaauts)
 A = Elapsed time spent in this place.
 B = Non-inter-level travel time spent in this place.
 C = Inter-level travel time spent in this place.
 D = Time resting spent in this place.
 E = Time spent auto-exploring this place.
 F = Levels seen in this place.
 G = Mean time per level.
                   A        B        C        D        E       F      G
               +--------+--------+--------+--------+--------+-----+--------+
         Total |    377 |    377 |      0 |     39 |    300 |   1 |  377.0 |
       Dungeon |    377 |    377 |      0 |     39 |    300 |   1 |  377.0 |
               +--------+--------+--------+--------+--------+-----+--------+

Top non-repeatable levels by time:
     D:5: 377 daAuts
